 Dungeon Crawl Stone Soup version 0.29-a0-721-g7f417c9bbb (webtiles) character file.

Game seed: 3584182518183809803

8 blackman the Trooper (level 2, 26/26 HPs)
             Began as a Human Wanderer on June 27, 2022.
             Was a Follower of Wu Jian.
             Quit the game on level 1 of the Dungeon.
             The game lasted 00:01:12 (405 turns).

blackman the Trooper (Human Wanderer)                Turns: 405, Time: 00:01:13

Health: 26/26      AC:  3    Str: 11    XL:     2   Next: 15%
Magic:  2/2        EV: 10    Int:  8    God:    Wu Jian [*.....]
Gold:   72         SH:  5    Dex: 17    Spells: 1/1 levels left

rFire   . . .      SeeInvis .   a - +0 dagger
rCold   . . .      Faith    .   c - +0 buckler
rNeg    . . .      Spirit   +   e - +0 leather armour
rPois   .          Reflect  .   (helmet restricted)
rElec   .          Harm     .   (no cloak)
rCorr   .          Rampage  .   (no gloves)
Will    .....                   (no boots)
Stlth   +.........              h - amulet of guardian spirit
HPRegen 0.08/turn               (no ring)
MPRegen 0.08/turn               (no ring)

@: no status effects
A: horns 1, low MP 1, MP-powered wands
a: Renounce Religion


You were on level 1 of the Dungeon.
You worshipped Wu Jian.
Wu Jian was aware of your devotion.
You visited 1 branch of the dungeon, and saw 1 of its levels.

You collected 72 gold pieces.

Inventory:

Hand Weapons
 a - a +0 dagger (weapon)
Armour
 c - a +0 buckler (worn)
 e - a +0 leather armour (worn)
Jewellery
 h - an amulet of guardian spirit (around neck)
Scrolls
 b - a scroll of vulnerability
 d - a scroll of teleportation {unknown}
 g - a scroll of brand weapon {unknown}
 i - a scroll of summoning {unknown}
Potions
 f - 2 potions of haste
 j - a potion of attraction {unknown}


   Skills:
 * Level 4.4 Fighting
 - Level 2.0 Shields
 - Level 3.0 Unarmed Combat
 - Level 1.0 Invocations


You had one spell level left.
You didn't know any spells.
Your spell library was empty.

Dungeon Overview and Level Annotations

Branches:
Dungeon (1/15)

Altars:
Wu Jian


Innate Abilities, Weirdness & Mutations

You have a pair of small horns on your head.
Your magical capacity is low. (-10% MP)
You expend magic power (3 MP) to strengthen your wands.


Message History

The kobold shouts!
You hit the kobold but do no damage.
A goblin comes into view. It is wielding a +0 dagger.
The kobold misses you.
You barely miss the kobold. You block the kobold's attack.
You closely miss the kobold. The kobold hits you but does no damage.
You hit the kobold.
The kobold is moderately wounded.
The kobold barely misses you.
You hit the kobold.
You kill the kobold!
Found a murky puce potion and a human skeleton.
You see here a +0 short sword.
You barely miss the goblin. The goblin hits you with a +0 dagger.
You hit the goblin.
The goblin is moderately wounded.
The goblin barely misses you.
You hit the goblin.
You kill the goblin!
No target in view!
No target in view!
Found two human skeletons.
You see here a +0 dagger.
Found a faded altar of an unknown god.
j - a murky puce potion
There are no items here.
You see here a human skeleton.
You see here a human skeleton.
There is a faded altar of an unknown god here.
You cannot tell which god this altar belongs to.
Convert to them anyway?
Okay, then.
You cannot tell which god this altar belongs to.
Convert to them anyway?
Wu Jian accepts your prayer! The Council welcomes you!
You can now perform damaging attacks by moving towards foes.
You can now lightly attack monsters by moving around them.
Okay, then.
Unknown command.
Press < or > to pray at altars.
Are you sure you want to abandon this character and quit the game? (Confirm with "yes".)

##....≈≈ ##..... ##....
### ##... ##.## ##..
##.#.#### ###.
##.###.#.###...
########.## ##......#.
##....@#...###.#.####..
####.....÷###..#..#.# #...
....8.....##.##.##..####..
#.......÷#.#######.......
.#8.....##.## ##.######.
#......##..###.## #.
#.....÷##.#.#.## ##' #
#.8.8.8#.....## ##..
##.##)##.###.##########...


There were no monsters in sight!

Vanquished Creatures
  A dart slug (D:1)
  2 endoplasms (D:1)
  A kobold (D:1)
  A goblin (D:1)
  A rat (D:1)
6 creatures vanquished.

Notes
Turn   | Place    | Note
-------+----------+-------------------------------------------
     0 | D:1      | blackman the Human Wanderer began the quest for the Orb.
     0 | D:1      | blackman set off with the following items: a +0 dagger, a
                  | scroll of vulnerability, a +0 buckler, a potion of
                  | mutation, a +0 leather armour, 2 potions of haste.
     0 | D:1      | Reached XP level 1. HP: 19/19 MP: 1/1
     0 | D:1      | Gained mutation: You have a pair of small horns on your
                  | head. [potion of mutation]
     0 | D:1      | Gained mutation: You expend magic power (3 MP) to
                  | strengthen your wands. [potion of mutation]
     0 | D:1      | Gained mutation: Your magical capacity is low. (-10% MP)
                  | [potion of mutation]
   334 | D:1      | Reached XP level 2. HP: 24/26 MP: 2/2
   395 | D:1      | Found a faded altar of an unknown god.
   404 | D:1      | Prayed at the altar of an unknown god.
   404 | D:1      | Became a worshipper of the Wu Jian Council
   404 | D:1      | Reached * piety under Wu Jian
   405 | D:1      | Quit the game

Illustrated notes

Levels and vault maps discovered:
D:1:      enne_arrival_octagon_isle, layout_loops_corners,
          shapermc_ecumenical_altar_pompeii

Action                   || total
-------------------------++-------
Melee: Dagger            ||    18
       Headbutt          ||     1
  Use: Potion            ||     1
 Stab: Sleeping          ||     1
Armor: Leather armour    ||     2
Dodge: Dodged            ||     6
Block: Buckler           ||     1

Table legend: (Time is in decaauts)
 A = Elapsed time spent in this place.
 B = Non-inter-level travel time spent in this place.
 C = Inter-level travel time spent in this place.
 D = Time resting spent in this place.
 E = Time spent auto-exploring this place.
 F = Levels seen in this place.
 G = Mean time per level.
                   A        B        C        D        E       F      G
               +--------+--------+--------+--------+--------+-----+--------+
         Total |    406 |    390 |     16 |      0 |    343 |   1 |  406.0 |
       Dungeon |    406 |    390 |     16 |      0 |    343 |   1 |  406.0 |
               +--------+--------+--------+--------+--------+-----+--------+

Top non-repeatable levels by time:
     D:1: 406 daAuts
